Map: Equilibrium LE

Players

Craving - Winner!

  • Race: Terran Terran
  • League: Platinum
  • Spawn Location: 1:00

SubN

  • Race: Zerg Zerg
  • League: Diamond
  • Spawn Location: 11:00

VOD

Have the link to the VOD?

Description

Time

  • Played on: Dec. 18, 2023, 6:19 p.m.
  • Length: 6:19
Show
View Real Time Build Order
Export as new Build Order

Craving Terran - Winner!

Build Orders: Gas First Reaper Expand, Mech 

Get SALT Encoding   

  12  0:06  SCV  
  13  0:18  SCV  
  14  0:21  Supply Depot  
  14  0:30  Refinery  
  14  0:31  SCV  
  15  0:43  SCV  
  15  0:46  Barracks  
  16  0:55  SCV  
  17  1:07  SCV  
  18  1:19  SCV  
  19  1:33  Reaper  
  19  1:34  Orbital Command  
  20  1:43  Command Center  
  20  1:53  Refinery  
  20  1:58  Supply Depot  
  20  2:02  SCV  
  20  2:05  Barracks Tech Lab  
  21  2:14  SCV  
  22  2:23  Barracks  
  22  2:24  Stimpack  
  22  2:26  SCV  
  23  2:38  SCV  
  23  2:39  Factory  
  24  2:45  Marine  
  24  2:50  SCV  
  26  2:57  Orbital Command  
  26  3:02  SCV  
  26  3:03  Marine  
  28  3:12  Barracks Reactor  
  28  3:15  SCV  
  28  3:18  Supply Depot  
  29  3:30  SCV x2  
  30  3:36  Marine  
  31  3:41  Starport  
  31  3:42  SCV x2  
  31  3:44  Factory Reactor  
  31  3:47  Supply Depot  
  33  3:53  Marine x3  
  36  3:57  SCV  
  36  3:58  SCV  
  38  4:09  SCV  
  39  4:10  Marine, SCV  
  39  4:11  Marine x2  
  39  4:12  Supply Depot  
  43  4:21  Factory  
  43  4:22  SCV x2  
  45  4:28  Marine x2  
  45  4:29  Marine  
  45  4:30  Medivac  
  45  4:31  Medivac  
  52  4:34  Combat Shield  
  52  4:36  Factory Tech Lab  
  52  4:43  Supply Depot, SCV x2  
  54  4:46  Marine x2  
  54  4:48  Refinery  
  54  4:49  Marine  
  57  4:55  SCV x2  
  57  4:56  Siege Tank  
  62  5:04  Marine x2  
  64  5:07  Marine  
  64  5:08  SCV x2  
  64  5:12  Starport Reactor  
  67  5:15  Supply Depot  
  67  5:16  Supply Depot  
  67  5:20  SCV  
  68  5:22  Refinery, Marine x2  
  68  5:28  Hellion x2, Siege Tank  
  74  5:35  SCV  
  78  5:36  Marine, Factory  
  78  5:37  SCV  
  78  5:39  Marine  
  81  5:47  SCV  
  81  5:48  Marine  
  83  5:52  Hellion  
  83  5:54  Marine  
  86  5:57  Marine  
Show
View Real Time Build Order
Export as new Build Order

SubN Zerg 

Build Orders: Pool First 

Get SALT Encoding   

  12  0:00  Drone  
  13  0:12  Overlord  
  13  0:16  Drone  
  14  0:30  Drone x2  
  14  0:34  Drone  
  17  0:36  Extractor  
  16  0:44  Drone  
  17  0:50  Spawning Pool  
  17  0:55  Drone  
  17  1:06  Drone  
  18  1:22  Hatchery  
  17  1:32  Drone x2  
  19  1:38  Queen  
  21  1:46  Metabolic Boost  
  21  1:53  Overlord  
  21  1:59  Overlord  
  21  2:03  Zergling x2  
  22  2:14  Lair  
  22  2:25  Drone x2  
  24  2:34  Zergling x2  
  25  2:37  Drone  
  25  2:38  Queen  
  25  2:43  Drone  
  28  2:56  Zergling x2  
  29  3:00  Drone x4  
  33  3:07  Drone  
  34  3:15  Hydralisk Den  
  34  3:18  Drone x2  
  34  3:19  Drone  
  36  3:21  Drone  
  36  3:25  Extractor  
  36  3:33  Drone x4  
  40  3:39  Overlord  
  40  3:40  Baneling Nest  
  39  3:44  Drone  
  40  3:50  Grooved Spines  
  40  3:55  Drone x2  
  42  4:00  Drone, Extractor  
  42  4:02  Drone x3  
  45  4:03  Extractor  
  45  4:07  Drone x3  
  47  4:22  Hatchery  
  46  4:26  Queen  
  46  4:30  Drone x2  
  50  4:31  Drone  
  50  4:32  Drone  
  50  4:33  Centrifugal Hooks  
  52  4:40  Muscular Augments  
  52  4:41  Overlord x2  
  52  4:59  Drone x6  
  58  5:03  Queen  
  58  5:05  Drone x6  
  66  5:10  Queen  
  68  5:15  Overlord  
  68  5:29  Overlord  
  68  5:30  Overlord  
  68  5:34  Zergling x2  
  68  5:35  Zergling x12  
  75  5:44  Hydralisk x2  
Tags
 
Add a new tag
Caveats
  • Supply blocks, unpowered buildings, or Contaminate may cause inaccurate times.
  • Supply counts are checked every 10 seconds.